 Dungeon Crawl Stone Soup version 0.20.1-1-g8b1a95d (webtiles) character file.

151 Monsterracer the Chopper (level 5, -1/49 HPs)
             Began as a Deep Dwarf Fighter on Oct 27, 2017.
             Slain by an ogre
             ... wielding a +0 giant club
              (19 damage)
             ... on level 4 of the Dungeon.
             The game lasted 00:00:50 (300 turns).

Monsterracer the Chopper (Deep Dwarf Fighter)        Turns: 300, Time: 00:00:50

Health: -1/49      AC:  6    Str: 26    XL:     5   Next: 10%
Magic:  5/5        EV:  8    Int:  8    God:
Gold:   0          SH: 10    Dex: 12    Spells: 4/4 levels left

rFire    . . .     SeeInvis .   a - +0 war axe
rCold    . . .     Gourm    .   c - +0 shield
rNeg     . . .     Faith    .   b - +0 scale mail
rPois    .         Spirit   .   j - +0 helmet
rElec    .         Reflect  .   (no cloak)
rCorr    .         Harm     .   (no gloves)
MR       .....                  (no boots)
Stlth    ..........             (no amulet)
Regen    0.0/turn               h - -2 ring of protection (curse)
MPRegen  0.1/turn               (no ring)

@: mighty, non-regenerating
A: damage resistance, heal wounds, sense surroundings 1, no regeneration
a: Heal Wounds


You were on level 4 of the Dungeon.
You were not hungry.

You visited 1 branch of the dungeon, and saw 4 of its levels.

Inventory:

Hand Weapons
 a - a +0 war axe (weapon)
Armour
 b - a +0 scale mail (worn)
 c - a +0 shield (worn)
 j - a +0 helmet (worn)
Jewellery
 h - a cursed -2 ring of protection (left hand)
Potions
 e - a potion of heal wounds {unknown}
 g - a potion of curing {unknown}
 i - a potion of invisibility {unknown}
Comestibles
 f - 2 bread rations


   Skills:
 + Level 3.3 Fighting
 * Level 4.0 Axes
 + Level 3.8 Armour
 + Level 1.6 Dodging
 + Level 4.0 Shields


You had 4 spell levels left.
You didn't know any spells.

Dungeon Overview and Level Annotations

Branches:
Dungeon (4/15)
 Temple: D:4-7

Altars:


Innate Abilities, Weirdness & Mutations

You are resistant to damage.
You can heal yourself by infusing magical energy.
You passively map a small area around you.
You do not regenerate.


Message History

There is an open door here.
There is a stone staircase leading down here.
You climb downwards.
There is a stone staircase leading up here.
A worker ant comes into view.
The worker ant twitches its antennae in your direction.
The worker ant waves its antennae.
A howler monkey comes into view.
The howler monkey howls!
Found a scroll labeled WOTOUBAUTA and a scroll labeled YNGUKKYUMU.
There are monsters nearby!
Ijyb the Twisted Goblin comes into view.
She is wielding a dagger of protection.
Ijyb shouts!
You slash the worker ant!
The worker ant is heavily wounded.
You hit the howler monkey. You block the worker ant's attack.
The howler monkey hits you. The worker ant bites you.
You are poisoned.
The worker ant poisons you! You block the howler monkey's attack.
You hit the worker ant.
The worker ant is almost dead.
You slash the howler monkey! You block the worker ant's attack.
The howler monkey hits you.
The worker ant bites you but does no damage.
Your shield and scale mail prevent you from hitting the worker ant.
The worker ant is almost dead.
You barely miss the howler monkey. The howler monkey hits you.
The worker ant bites you but does no damage.
The howler monkey hoots and howls with incredible vigour!
You hear an angry hiss.
You hear a shout!
You hear an angry hiss.
You hear a howl!
You hear a shout!
An adder skeleton comes into view.
You slash the worker ant!
You kill the worker ant!
You have reached level 4!
You feel stronger.
You slash the howler monkey!
You kill the howler monkey!
Ijyb drinks a potion.
Ijyb goes berserk!
You feel very mighty all of a sudden.
You barely miss Ijyb. You block Ijyb's attack.
Ijyb hits you with a dagger of protection.
You closely miss Ijyb. You block Ijyb's attack.
Ijyb hits you but does no damage.
You completely miss Ijyb.
Ijyb hits you with a dagger of protection.
You block Ijyb's attack.
You slash Ijyb!
Ijyb is moderately wounded.
Your shield and scale mail prevent you from hitting the adder skeleton.
Ijyb hits you with a dagger of protection.
The adder skeleton closely misses you. You block Ijyb's attack.
The adder skeleton barely misses you.
You closely miss Ijyb.
Ijyb is moderately wounded.
You slash the adder skeleton!
Ijyb hits you with a dagger of protection.
The adder skeleton bites you but does no damage.
Ijyb hits you but does no damage.
Your shield and scale mail prevent you from hitting Ijyb.
Ijyb is moderately wounded.
You slash the adder skeleton!
You destroy the adder skeleton!
You block Ijyb's attack. x2
A worker ant, an ogre and a howler monkey come into view.
The howler monkey howls!
The worker ant twitches its antennae in your direction.
You slash Ijyb!
Ijyb is severely wounded.
Ijyb barely misses you. You block Ijyb's attack.
Ijyb hits you but does no damage.
You slash Ijyb!
Ijyb is almost dead.
The howler monkey hoots and howls with incredible vigour!
Ijyb completely misses you. Ijyb hits you but does no damage.
You hear an angry hiss.
You closely miss Ijyb.
Ijyb is almost dead.
Ijyb hits you with a dagger of protection.
Ijyb hits you but does no damage.
You slash Ijyb!
You kill Ijyb!
Your Axes skill increases to level 4!
Your Shields skill increases to level 4!
You have reached level 5!
You slash the howler monkey!
Your scale mail prevents you from hitting the worker ant.
You block the worker ant's attack. The howler monkey hits you.
The worker ant barely misses you.
You fail to use your ability.
The howler monkey barely misses you. The worker ant barely misses you.
The howler monkey hits you. You block the ogre's attack.
You fail to use your ability.
You are no longer poisoned.
The worker ant barely misses you. The howler monkey closely misses you.
You slash the ogre!
The ogre is heavily wounded.
You barely miss the howler monkey. You slash the worker ant!
The worker ant barely misses you. The ogre hits you with a giant club!!
You die...

, , , , #.... ,
?., ?...., , , ≈
...*#...# ####.
...##...###.....
................
................≈
, * ,
.......O.)......≈
.......a@†......≈
≈ ,
..###.h####.....
≈ ≈ *,
....#..####.....
, ≈ ,
#.............
*#.....<≈.≈....
#.......P≈≈≈....
,
#.........≈≈♣P...
* * *
.....##....≈....#
, ,
.....*##+###....#
* ,


You could see an ogre, a howler monkey and a worker ant.

Vanquished Creatures
  A howler monkey (D:4)
  A centaur skeleton (D:3)
  Ijyb (D:4)
  A worker ant (D:4)
  An adder (D:3)
  An adder skeleton (D:4)
  A worm (D:2)
  A dart slug (D:2)
  A giant cockroach (D:3)
  2 goblins
  8 jackals
  A ball python (D:1)
  2 bats (D:1)
  2 kobolds (D:1)
24 creatures vanquished.

Notes
Turn   | Place    | Note
-------+----------+-------------------------------------------
     0 | D:1      | Monsterracer the Deep Dwarf Fighter began the quest for the Orb.
     0 | D:1      | Reached XP level 1. HP: 20/20 MP: 1/1
    91 | D:1      | Reached XP level 2. HP: 22/27 MP: 2/2
   195 | D:3      | Reached XP level 3. HP: 25/34 MP: 3/3
   238 | D:3      | Reached skill level 1 in Dodging
   282 | D:4      | Noticed Ijyb
   286 | D:4      | Reached XP level 4. HP: 24/42 MP: 4/4
   294 | D:4      | Noticed an ogre
   297 | D:4      | Killed Ijyb
   297 | D:4      | Reached XP level 5. HP: 21/49 MP: 5/5
   300 | D:4      | Slain by an ogre

Skill      XL: |  1  2  3  4 |
---------------+-------------+-----
Fighting       | 3 |  3.3
Axes           | 3 4 |  4.0
Dodging        | 1 |  1.6
Shields        | 4 |  4.0
Armour         | |  3.8

Action                   |  1- 3 |  4- 6 || total
-------------------------+-------+-------++-------
Melee: War axe           |    50 |    11 ||    61
  Use: Scroll            |     1 |       ||     1
       Potion            |       |     1 ||     1
Armor: Scale mail        |    37 |     3 ||    40
Dodge: Dodged            |    30 |    10 ||    40
Block: Shield            |    40 |     9 ||    49

Vault maps used:
D:1:      elethiomel_arrival_infinity_welcomes_careful_drivers
D:2:      minmay_kobold_bridge, zin_statuary, kennysheep_minor_cross,
          kennysheep_boxes
D:3:      uniq_robin
D:4:      temple_pool_b, first_bread, minmay_misc_feat_x,
          roderic_hopi_sauvastika, serial_bayou_pond_d,
          minmay_item_behind_shaft, hangedman_abyss_or_decor_jellyfish_corner,
          minivault_14, minivault_19, uniq_ijyb
